 Dungeon Crawl Stone Soup version 0.28-a0-1506-g3893175d92 (webtiles) character file.

Game seed: 10027073401407048496

1852 testman the Changer (level 9, -6/66 HPs)
             Began as a Gnoll Wanderer on Jan 13, 2022.
             Was a Believer of Uskayaw.
             Mangled by a vampire mosquito (10 damage)
             ... on level 7 of the Dungeon.
             The game lasted 00:41:28 (7553 turns).

testman the Changer (Gnoll Wanderer)                Turns: 7553, Time: 00:41:28

Health: -6/66      AC:  9    Str: 11    XL:     9   Next: 12%
Magic:  8/16       EV: 13    Int: 15    God:    Uskayaw [**....]
Gold:   239        SH:  7    Dex: 13    Spells: 12/17 levels left

rFire   . . .      SeeInvis .   A - +2 flail (vorpal)
rCold   + . .      Faith    .   d - +2 buckler
rNeg    + . .      Spirit   .   c - +0 robe
rPois   .          Reflect  .   H - +2 helmet
rElec   .          Harm     .   t - +0 cloak
rCorr   .          Rampage  .   b - +0 pair of gloves
Will    .....                   y - +0 pair of boots
Stlth   ++........              m - amulet of the acrobat
HPRegen 0.21/turn               f - ring of positive energy
MPRegen 0.15/turn               G - ring of protection from cold

@: slowed, very slow
A: fangs 1, strong nose, distributed training
a: Renounce Religion, Stomp, Line Pass


You were on level 7 of the Dungeon.
You worshipped Uskayaw.
Uskayaw was noncommittal.
You visited 1 branch of the dungeon, and saw 7 of its levels.

You collected 239 gold pieces.

Inventory:

Hand Weapons
 a - a +0 trident
 s - a +0 hunting sling
 v - a +0 short sword of venom
 A - a +2 vorpal flail (weapon)
Missiles
 e - 2 atropa-tipped darts
 i - 187 stones
 u - 32 sling bullets
 w - 10 poisoned darts (quivered)
Armour
 b - a +0 pair of gloves (worn)
 c - a +0 robe (worn)
 d - a +2 buckler (worn)
 t - a +0 cloak (worn)
 y - a +0 pair of boots (worn)
 H - a +2 helmet (worn)
Jewellery
 f - a ring of positive energy (left hand)
 m - an amulet of the acrobat (around neck)
 o - an amulet of guardian spirit
 G - a ring of protection from cold (right hand)
Wands
 k - a wand of iceblast (12)
Scrolls
 g - a scroll of immolation {unknown}
 p - 2 scrolls of enchant armour {unknown}
 q - a scroll of vulnerability {unknown}
 r - 3 scrolls of enchant weapon {unknown}
 x - a scroll of summoning {unknown}
 C - 2 scrolls of brand weapon {unknown}
 D - a scroll of blinking {unknown}
 F - a scroll of identify
Potions
 h - 3 potions of curing
 j - a potion of mutation {unknown}
 l - a potion of cancellation {unknown}
 n - 3 potions of might
 z - 3 potions of resistance {unknown}
 B - 2 potions of brilliance {unknown}
 E - a potion of heal wounds


   Skills:
 + Level 4.7 Fighting
 + Level 3.9 Short Blades
 + Level 3.9 Long Blades
 + Level 3.9 Axes
 + Level 3.9 Maces & Flails
 + Level 3.9 Polearms
 + Level 3.9 Staves
 + Level 3.9 Slings
 + Level 3.9 Bows
 + Level 3.9 Crossbows
 + Level 3.9 Throwing
 + Level 6.1 Armour
 + Level 4.7 Dodging
 + Level 3.9 Stealth
 + Level 6.1 Shields
 + Level 3.9 Unarmed Combat
 + Level 4.9 Spellcasting
 + Level 3.2 Conjurations
 + Level 3.2 Hexes
 + Level 3.2 Summonings
 + Level 3.2 Necromancy
 + Level 3.2 Translocations
 + Level 6.4 Transmutations
 + Level 3.2 Fire Magic
 + Level 3.2 Ice Magic
 + Level 3.2 Air Magic
 + Level 3.2 Earth Magic
 + Level 3.2 Poison Magic
 + Level 4.3 Invocations
 + Level 3.9 Evocations


You had 12 spell levels left.
You knew the following spells:

 Your Spells              Type           Power      Damage    Failure   Level
a - Beastly Appendage     Tmut           44%        N/A       1%          1
b - Passwall              Tmut/Erth      15%        N/A       4%          2
c - Ensorcelled Hibernat  Hex/Ice        26%        N/A       9%          2

Your spell library contained the following spells:

 Spells                   Type           Power      Damage    Failure   Level
 Pain                     Necr           52%        1d6       5%          1
 Spider Form              Tmut/Pois      18%        N/A       9%          3
 Ignite Poison            Fire/Tmut/Pois 16%        N/A       11%         3
 Mephitic Cloud           Conj/Pois/Air  13%        N/A       17%         3
 Swiftness                Air            13%        N/A       17%         3
 Agony                    Necr           13%        N/A       83%         5
 Excruciating Wounds      Necr           6%         N/A       83%         5
 Freezing Cloud           Conj/Ice/Air   6%         6-21      83%         5


Dungeon Overview and Level Annotations

Branches:
Dungeon (7/15)             Temple (0/1) D:6

Altars:
Uskayaw


Innate Abilities, Weirdness & Mutations

You have very sharp teeth.
Your uncanny sense of smell can sniff out nearby items.
Your experience applies equally to all skills.


Message History

The vampire mosquito misses you.
You block the vampire mosquito's attack.
The vampire mosquito buzzes angrily.
You sock the vampire mosquito! You claw the vampire mosquito!
Your headbutt misses the vampire mosquito.
The vampire mosquito is almost destroyed.
The vampire mosquito closely misses you.
You block the vampire mosquito's attack.
The vampire mosquito bites you!
* * * LOW HITPOINT WARNING * * *
The vampire mosquito draws strength from your injuries!
The vampire mosquito barely misses you.
Uskayaw will force your foes to helplessly watch your dance.
Uskayaw prepares the audience for your solo!
The helpless vampire mosquito fails to defend itself.
You sock the vampire mosquito!
You destroy the vampire mosquito!
Your horns disappear.
Your talons disappear.
Your +2 helmet unmelds from your body.
Your +0 pair of boots unmelds from your body.
The vampire mosquito is no longer paralysed.
You block the vampire mosquito's attack. x2
The vampire mosquito bites you.
* * * LOW HITPOINT WARNING * * *
The vampire mosquito draws strength from your injuries!
The vampire mosquito bites you but does no damage.
You barely miss the vampire mosquito.
You block the vampire mosquito's attack.
The vampire mosquito closely misses you.
The vampire mosquito barely misses you.
You stomp with the beat, sending a shockwave through the revellers around you!
The vampire mosquito is moderately damaged.
The vampire mosquito closely misses you.
The vampire mosquito barely misses you. x2
Uskayaw will force your foes to helplessly watch your dance.
Unknown command.
You stomp with the beat, sending a shockwave through the revellers around you!
The vampire mosquito is severely damaged.
The vampire mosquito barely misses you. The vampire mosquito bites you!
You die...

......... ..## ...........#
#........###.. ............#
.............# .............
.).$....(....# ..............
K.$..........# ..............
.............####.#..........
.......)...†y................
..>..(.)).))@...............#
..##.........>............##
#....................###
#................†...#
######..........<....#
#...............#
#...............#
##.............##
##.....#.....##


You could see a vampire mosquito.

Vanquished Creatures
  Prince Ribbit (D:5)
  A vampire mosquito (D:7)
  A water moccasin (D:6)
  A black bear (D:7)
  An ice beast (D:6)
  An ogre (D:4)
  A centaur (D:5)
  A phantom (D:5)
  A kobold brigand (D:7)
  A wyvern zombie (D:6)
  3 scorpions
  A howler monkey (D:6)
  2 centaur zombies (D:5)
  2 hounds
  2 bullfrog skeletons (D:5)
  A jelly (D:5)
  Crazy Yiuf (D:3)
  5 orc priests
  An iguana (D:6)
  2 orc wizards
  A hound skeleton (D:4)
  7 adders
  A shadow imp (D:4)
  An adder skeleton (D:4)
  4 dart slugs
  A worm (D:2)
  18 orcs
  5 ball pythons
  7 endoplasms
  3 giant cockroaches
  6 goblins
  3 hobgoblins
  9 kobolds
  5 quokkas
  3 bats
  5 frilled lizards
  3 rats
112 creatures vanquished.

Notes
Turn   | Place    | Note
-------+----------+-------------------------------------------
     0 | D:1      | testman the Gnoll Wanderer began the quest for the Orb.
     0 | D:1      | testman set off with the following items: a +0 dagger, a +0
                  | pair of gloves, a +0 robe, a +2 buckler; and the following
                  | spell memorised: Beastly Appendage; and the following
                  | spells available to memorise: Spider Form
     0 | D:1      | Reached XP level 1. HP: 17/17 MP: 4/4
   154 | D:1      | Found a faded altar of an unknown god.
   157 | D:1      | Prayed at the altar of an unknown god.
   157 | D:1      | Became a worshipper of Uskayaw the Reveller
   157 | D:1      | Reached * piety under Uskayaw
   223 | D:1      | Reached XP level 2. HP: 7/23 MP: 1/5
  1151 | D:2      | Reached ** piety under Uskayaw
  1203 | D:2      | Reached XP level 3. HP: 26/28 MP: 7/7
  1623 | D:2      | Reached skill level 1 in Invocations
  2011 | D:3      | Learned a level 2 spell: Passwall
  2145 | D:3      | Reached skill level 1 in Short Blades
  2145 | D:3      | Reached skill level 1 in Long Blades
  2145 | D:3      | Reached skill level 1 in Axes
  2145 | D:3      | Reached skill level 1 in Maces & Flails
  2145 | D:3      | Reached skill level 1 in Polearms
  2145 | D:3      | Reached skill level 1 in Staves
  2145 | D:3      | Reached skill level 1 in Slings
  2145 | D:3      | Reached skill level 1 in Bows
  2145 | D:3      | Reached skill level 1 in Crossbows
  2145 | D:3      | Reached skill level 1 in Throwing
  2145 | D:3      | Reached skill level 1 in Stealth
  2145 | D:3      | Reached skill level 1 in Unarmed Combat
  2145 | D:3      | Reached skill level 1 in Evocations
  2259 | D:3      | Reached XP level 4. HP: 20/34 MP: 8/8
  2433 | D:3      | Reached skill level 1 in Conjurations
  2433 | D:3      | Reached skill level 1 in Hexes
  2433 | D:3      | Reached skill level 1 in Summonings
  2433 | D:3      | Reached skill level 1 in Necromancy
  2433 | D:3      | Reached skill level 1 in Translocations
  2433 | D:3      | Reached skill level 1 in Fire Magic
  2433 | D:3      | Reached skill level 1 in Ice Magic
  2433 | D:3      | Reached skill level 1 in Air Magic
  2433 | D:3      | Reached skill level 1 in Earth Magic
  2433 | D:3      | Reached skill level 1 in Poison Magic
  2972 | D:3      | Found a runed translucent door.
  2973 | D:3      | Noticed Crazy Yiuf
  2994 | D:3      | Killed Crazy Yiuf
  2995 | D:3      | Reached XP level 5. HP: 23/40 MP: 5/9
  3689 | D:4      | Noticed an ogre
  4056 | D:4      | Reached *** piety under Uskayaw
  4057 | D:4      | Killed an ogre
  4058 | D:4      | Reached XP level 6. HP: 47/47 MP: 9/11
  4094 | D:4      | Reached skill level 5 in Armour
  4094 | D:4      | Reached skill level 5 in Shields
  4312 | D:5      | Entered Level 5 of the Dungeon
  4327 | D:5      | Reached **** piety under Uskayaw
  4634 | D:5      | Reached XP level 7. HP: 52/52 MP: 12/12
  5689 | D:5      | Noticed Prince Ribbit
  5713 | D:5      | Killed Prince Ribbit
  5714 | D:5      | Reached XP level 8. HP: 27/60 MP: 9/14
  6439 | D:6      | Learned a level 2 spell: Ensorcelled Hibernation
  7026 | D:6      | Found a staircase to the Ecumenical Temple.
  7534 | D:7      | Identified the +5 falchion of the Median {freeze, Str-4
                  | Int+4}
  7544 | D:7      | Reached XP level 9. HP: 33/66 MP: 16/16
  7550 | D:7      | HP: 3/66 [vampire mosquito (5)]
  7553 | D:7      | Mangled by a vampire mosquito

Illustrated notes

Levels and vault maps discovered:
D:1:      psy_arrival_basics, layout_rooms, serial_glass, glass_columns_a,
          glass_columns_a, due_unseen_surprise, feat_on_display,
          shapermc_ecumenical_altar_mp_urbaneastern,
          chequers_serial_rivers_marsh
D:2:      layout_basic, minmay_between
D:3:      layout_loops_ring, minmay_door_square, uniq_crazy_yiuf_cottage
D:4:      layout_rooms, minmay_misc_feat_hallway
D:5:      layout_basic, uniq_prince_ribbit1
D:6:      layout_cave_pods, temple_statues
D:7:      layout_rooms, serial_bayou_ford_a, chequers_jeans,
          serial_bayou_crossing

Skill      XL: |  1  2  3  4  5  6  7  8 |
---------------+-------------------------+-----
Invocations    | 1 2 3 4 |  4.3
Short Blades   | 1 2 3 |  3.9
Long Blades    | 1 2 3 |  3.9
Axes           | 1 2 3 |  3.9
Maces & Flails | 1 2 3 |  3.9
Polearms       | 1 2 3 |  3.9
Staves         | 1 2 3 |  3.9
Slings         | 1 2 3 |  3.9
Bows           | 1 2 3 |  3.9
Crossbows      | 1 2 3 |  3.9
Throwing       | 1 2 3 |  3.9
Stealth        | 1 2 3 |  3.9
Unarmed Combat | 1 2 3 |  3.9
Evocations     | 1 2 3 |  3.9
Spellcasting   | 3 4 |  4.9
Conjurations   | 1 2 3 |  3.2
Hexes          | 1 2 3 |  3.2
Summonings     | 1 2 3 |  3.2
Necromancy     | 1 2 3 |  3.2
Translocations | 1 2 3 |  3.2
Fire Magic     | 1 2 3 |  3.2
Ice Magic      | 1 2 3 |  3.2
Air Magic      | 1 2 3 |  3.2
Earth Magic    | 1 2 3 |  3.2
Poison Magic   | 1 2 3 |  3.2
Fighting       | 3 4 |  4.7
Dodging        | 3 4 |  4.7
Armour         | 5 6 |  6.1
Shields        | 5 6 |  6.1
Transmutations | 6 |  6.4

Action                   |  1- 3 |  4- 6 |  7- 9 || total
-------------------------+-------+-------+-------++-------
Melee: Dagger            |   137 |    36 |       ||   173
       Kick              |    21 |    16 |    20 ||    57
       Bite              |    16 |    10 |    17 ||    43
       Headbutt          |    14 |     6 |    13 ||    33
       Short sword       |       |    26 |     1 ||    27
       Flail             |       |    59 |   129 ||   188
 Fire: Hunting sling     |       |     8 |     7 ||    15
Throw: Stone             |     2 |     1 |       ||     3
       Dart              |       |     5 |     6 ||    11
 Cast: Beastly Appendage |    12 |     9 |    11 ||    32
       Passwall          |       |     1 |     2 ||     3
       Ensorcelled Hiber |       |       |     3 ||     3
Invok: Stomp             |     3 |     4 |     7 ||    14
       Line Pass         |       |       |     2 ||     2
Evoke: Wand              |       |       |     2 ||     2
  Use: Scroll            |       |       |     2 ||     2
       Potion            |       |       |     1 ||     1
 Stab: Sleeping          |     5 |     4 |     6 ||    15
       Paralysed         |       |     3 |     2 ||     5
Armor: Robe              |    17 |    23 |    32 ||    72
Dodge: Dodged            |    51 |    57 |   104 ||   212
Block: Buckler           |    37 |    28 |    49 ||   114

Table legend: (Time is in decaauts)
 A = Elapsed time spent in this place.
 B = Non-inter-level travel time spent in this place.
 C = Inter-level travel time spent in this place.
 D = Time resting spent in this place.
 E = Time spent auto-exploring this place.
 F = Levels seen in this place.
 G = Mean time per level.
                   A        B        C        D        E       F      G
               +--------+--------+--------+--------+--------+-----+--------+
         Total |   7616 |   7437 |    179 |   2420 |   3738 |   7 | 1088.0 |
       Dungeon |   7616 |   7437 |    179 |   2420 |   3738 |   7 | 1088.0 |
               +--------+--------+--------+--------+--------+-----+--------+

Top non-repeatable levels by time:
     D:3: 1909 daAuts
     D:5: 1675 daAuts
     D:6: 1364 daAuts
     D:1: 1014 daAuts
     D:2: 814 daAuts
     D:4: 587 daAuts
     D:7: 250 daAuts
